SL
PHOENIX HOTSPUR @ GRAFTON MIDDIES
07/02/2024
 
TOP OF THE 1ST
Phoenix Hotspur batting - Pitching for Grafton Middies : RHP Robbie Baxter
Pitching: RHP Robbie Baxter
Batting: LHB Arthur Ryan 0-0: Ball
1-0: Called Strike
1-1: Called Strike
1-2: Strikes out looking
Batting: SHB Pedro Gómez 0-0: Ball
1-0: Called Strike
1-1: Called Strike
1-2: Strikes out swinging
Batting: RHB Martín Martínez 0-0: Ball
1-0: Called Strike
1-1: Ball
2-1: Foul Ball, location: 2F
2-2: Ground out 6-3 (Groundball, 6)
Top of the 1st over - 0 run(s), 0 hit(s), 0 error(s), 0 left on base; Phoenix 0 - Grafton 0
BOTTOM OF THE 1ST
Grafton Middies batting - Pitching for Phoenix Hotspur : RHP Cory Sanders
Pitching: RHP Cory Sanders
Batting: RHB Pedro Santos 0-0: Called Strike
0-1: Ball
1-1: Swinging Strike
1-2: Foul Ball, location: 2F
1-2: Ball
2-2: TRIPLE (Flyball, 89M)
Batting: RHB Scotty Anderson 0-0: Fly out, F6 (Popup, 5L)
Batting: LHB Mario Ramos 0-0: Ball
1-0: Ball
2-0: SINGLE (Groundball, 34D)
Pedro Santos scores
Batting: RHB Stefano Gaddi 0-0: Called Strike
0-1: Foul Ball, location: 2F
0-2: Foul Ball, location: 2F
0-2: Ball
1-2: Grounds into double play, 6-4-3 (Groundball, 6)
Bottom of the 1st over - 1 run(s), 2 hit(s), 0 error(s), 0 left on base; Phoenix 0 - Grafton 1
TOP OF THE 2ND
Phoenix Hotspur batting - Pitching for Grafton Middies : RHP Robbie Baxter
Batting: RHB Raúl Robles 0-0: Hit by Pitch
Batting: RHB António Padilla 0-0: Ball
1-0: Ball
2-0: SINGLE (Line Drive, 7LS)
Raúl Robles to second
Batting: RHB Gabriel Pérez 0-0: Ball
1-0: Foul Ball, location: 2F
1-1: Ball
2-1: Foul Ball, location: 2F
2-2: Ball
3-2: Base on Balls
Raúl Robles to third
António Padilla to second
Batting: RHB Ángel Rivera 0-0: Fielders Choice at 2nd, 6-4 (Groundball, 6)
Raúl Robles scores
António Padilla to third
Batting: RHB Alfredo Martínez 0-0: Called Strike
0-1: SINGLE (Groundball, 56D)
António Padilla scores
Ángel Rivera to second
Batting: LHB Rubén López 0-0: Ball
Wild Pitch!
Ángel Rivera to third
Alfredo Martínez to second
1-0: Ball
2-0: Ball
3-0: Base on Balls
Batting: LHB Arthur Ryan 0-0: Called Strike
0-1: Foul Ball, location: 2F
0-2: Ball
1-2: Ball
2-2: Foul Ball, location: 2F
2-2: Foul Ball, location: 2F
2-2: SINGLE (Groundball, 6MD)
Ángel Rivera scores
Alfredo Martínez to third
Rubén López to second
Runner from 3rd tries for Home, SAFE, throw made home
Rubén López to third
Arthur Ryan to second
Batting: SHB Pedro Gómez 0-0: Ball
1-0: Called Strike
1-1: Ball
2-1: Swinging Strike
2-2: Reached on error, E4 (Groundball, 4)
Rubén López scores
Arthur Ryan to third
Batting: RHB Martín Martínez 0-0: Called Strike
0-1: Ball
1-1: Swinging Strike
1-2: Ball
2-2: Strikes out swinging
Batting: RHB Raúl Robles 0-0: Ball
1-0: Ball
2-0: Ball
3-0: Called Strike
3-1: Fly out, F7 (Flyball, 7M)
Top of the 2nd over - 5 run(s), 3 hit(s), 1 error(s), 2 left on base; Phoenix 5 - Grafton 1
BOTTOM OF THE 2ND
Grafton Middies batting - Pitching for Phoenix Hotspur : RHP Cory Sanders
Batting: RHB Ramón Gómez 0-0: Hit by Pitch
Pinch Runner at 1st Rubén Marino:
Batting: LHB Lawrence Washington 0-0: Ball
1-0: Called Strike
1-1: Ball
2-1: Ball
3-1: Fly out, F7 (Flyball, 8LM)
Batting: RHB Dave Ash 0-0: Ball
Rubén Marino steals 2nd base
1-0: Ball
2-0: Called Strike
2-1: Ground out 4-3 (Groundball, 4)
Rubén Marino to third
Batting: SHB Jack MacAsgill 0-0: Ball
1-0: Ball
2-0: Swinging Strike
2-1: Swinging Strike
2-2: Strikes out looking
Bottom of the 2nd over - 0 run(s), 0 hit(s), 0 error(s), 1 left on base; Phoenix 5 - Grafton 1
TOP OF THE 3RD
Phoenix Hotspur batting - Pitching for Grafton Middies : RHP Robbie Baxter
Now in LF: Rubén Marino
Batting: RHB António Padilla 0-0: Ball
1-0: Fly out, F3 (Popup, 34S)
Batting: RHB Gabriel Pérez 0-0: Called Strike
0-1: SINGLE (Line Drive, 5)
Batting: RHB Ángel Rivera 0-0: Ball
1-0: Swinging Strike
1-1: Foul Ball, location: 2F
1-2: SINGLE (Line Drive, 8LS)
Gabriel Pérez to second
Batting: RHB Alfredo Martínez 0-0: Called Strike
0-1: Called Strike
0-2: Ball
1-2: Ball
2-2: Ball
3-2: Foul Ball, location: 2F
3-2: Strikes out swinging
Ángel Rivera steals 2nd base
Batter strikes out.
Gabriel Pérez to third
Batting: LHB Rubén López 0-0: Ball
1-0: Ground out 4-3 (Groundball, 34)
Top of the 3rd over - 0 run(s), 2 hit(s), 0 error(s), 2 left on base; Phoenix 5 - Grafton 1
BOTTOM OF THE 3RD
Grafton Middies batting - Pitching for Phoenix Hotspur : RHP Cory Sanders
Batting: RHB Pedro Orozco 0-0: Called Strike
0-1: Ball
1-1: Ball
2-1: Ball
3-1: Foul Ball, location: 2F
3-2: Base on Balls
Batting: RHB Pedro Santos 0-0: Foul Ball, location: 2F
0-1: Foul Ball, location: 2F
0-2: Ball
1-2: Ball
2-2: Ground out 3-1 (Groundball, 34)
Pedro Orozco to second
Batting: RHB Scotty Anderson 0-0: SINGLE (Line Drive, 7LM)
Pedro Orozco to third
Batting: LHB Mario Ramos 0-0: Fly out, F4 (Popup, 4D)
Batting: RHB Stefano Gaddi 0-0: Ball
1-0: Swinging Strike
1-1: Fielders Choice at 2nd, U4 (Groundball, 4M)
Bottom of the 3rd over - 0 run(s), 1 hit(s), 0 error(s), 2 left on base; Phoenix 5 - Grafton 1
TOP OF THE 4TH
Phoenix Hotspur batting - Pitching for Grafton Middies : RHP Robbie Baxter
Pitching: RHP Domingo Álvarez
Batting: LHB Arthur Ryan 0-0: Called Strike
0-1: Ball
1-1: Swinging Strike
1-2: Ball
2-2: Strikes out swinging
Batting: SHB Pedro Gómez 0-0: Foul Ball, location: 2F
0-1: Foul Ball, location: 2F
0-2: Strikes out swinging
Batting: RHB Martín Martínez 0-0: Called Strike
0-1: Foul Ball, location: 2F
0-2: Foul Ball, location: 2F
0-2: Ground out 1-3 (Groundball, 13S)
Top of the 4th over - 0 run(s), 0 hit(s), 0 error(s), 0 left on base; Phoenix 5 - Grafton 1
BOTTOM OF THE 4TH
Grafton Middies batting - Pitching for Phoenix Hotspur : RHP Cory Sanders
Batting: RHB Rubén Marino 0-0: Called Strike
0-1: Ball
1-1: Ground out 5-3 (Groundball, 5L)
Batting: LHB Lawrence Washington 0-0: Called Strike
0-1: Ball
1-1: Ball
2-1: Ball
3-1: Base on Balls
Batting: RHB Dave Ash 0-0: Ball
1-0: Ball
2-0: Ball
3-0: Base on Balls
Lawrence Washington to second
Batting: SHB Jack MacAsgill 0-0: Foul Ball, location: 2F
Reached via error on a dropped throw, E6
Lawrence Washington to third
Dave Ash to second
Batting: RHB Pedro Orozco 0-0: Ball
1-0: Foul Ball, location: 2F
1-1: Fly out, F7 (Line Drive, 7D)
Runner from 3rd tags up, SCORES, no throw
Dave Ash to third
Batting: RHB Pedro Santos 0-0: Ball
1-0: Foul Ball, location: 2F
1-1: Foul Ball, location: 2F
1-2: Ball
2-2: SINGLE (Line Drive, 9S)
Dave Ash scores
Jack MacAsgill to second
Batting: RHB Scotty Anderson 0-0: Ball
1-0: Called Strike
1-1: Ball
2-1: Swinging Strike
2-2: Ground out 1-3 (Groundball, 23)
Bottom of the 4th over - 2 run(s), 1 hit(s), 1 error(s), 2 left on base; Phoenix 5 - Grafton 3
TOP OF THE 5TH
Phoenix Hotspur batting - Pitching for Grafton Middies : RHP Domingo Álvarez
Batting: RHB Raúl Robles 0-0: Fly out, F6 (Popup, 56D)
Batting: RHB António Padilla 0-0: Ball
1-0: Fly out, F8 (Flyball, 8LD)
Batting: RHB Gabriel Pérez 0-0: Swinging Strike
0-1: Foul Ball, location: 2F
0-2: Strikes out looking
Top of the 5th over - 0 run(s), 0 hit(s), 0 error(s), 0 left on base; Phoenix 5 - Grafton 3
BOTTOM OF THE 5TH
Grafton Middies batting - Pitching for Phoenix Hotspur : RHP Cory Sanders
Batting: LHB Mario Ramos 0-0: Called Strike
0-1: Swinging Strike
0-2: Foul Ball, location: 2F
0-2: Strikes out looking
Batting: RHB Stefano Gaddi 0-0: Ball
1-0: Swinging Strike
1-1: Ball
2-1: Fly out, F7 (Line Drive, 7M)
Batting: RHB Rubén Marino 0-0: Fly out, F8 (Line Drive, 8RM)
Bottom of the 5th over - 0 run(s), 0 hit(s), 0 error(s), 0 left on base; Phoenix 5 - Grafton 3
TOP OF THE 6TH
Phoenix Hotspur batting - Pitching for Grafton Middies : RHP Domingo Álvarez
Batting: RHB Ángel Rivera 0-0: Ball
1-0: Ground out 6-3 (Groundball, 6)
Batting: RHB Alfredo Martínez 0-0: Ball
1-0: Foul Ball, location: 2F
1-1: Foul Ball, location: 2F
1-2: Foul Ball, location: 2F
1-2: Fly out, F8 (Line Drive, 8RD)
Batting: LHB Rubén López 0-0: Ball
1-0: Fly out, F9 (Flyball, 9S)
Top of the 6th over - 0 run(s), 0 hit(s), 0 error(s), 0 left on base; Phoenix 5 - Grafton 3
BOTTOM OF THE 6TH
Grafton Middies batting - Pitching for Phoenix Hotspur : RHP Cory Sanders
Batting: LHB Lawrence Washington 0-0: Ball
1-0: Called Strike
1-1: Swinging Strike
1-2: Ball
2-2: Ball
3-2: Base on Balls
Batting: RHB Dave Ash 0-0: Foul Ball, location: 2F
0-1: Sac Bunt - play at first, batter OUT! 1-3
Lawrence Washington to second
Batting: SHB Jack MacAsgill 0-0: Foul Ball, location: 2F
0-1: Ball
1-1: Ball
2-1: Ball
3-1: Ground out 4-3 (Groundball, 34)
Lawrence Washington to third
Batting: RHB Pedro Orozco 0-0: Called Strike
0-1: Called Strike
0-2: Foul Ball, location: 2F
0-2: Ball
1-2: Foul Ball, location: 2F
1-2: Ball
2-2: Ball
3-2: Ground out 5-3 (Groundball, 5)
Bottom of the 6th over - 0 run(s), 0 hit(s), 0 error(s), 1 left on base; Phoenix 5 - Grafton 3
TOP OF THE 7TH
Phoenix Hotspur batting - Pitching for Grafton Middies : RHP Domingo Álvarez
Batting: LHB Arthur Ryan 0-0: Foul Ball, location: 2F
0-1: Ball
1-1: Ball
2-1: Foul Ball, location: 2F
2-2: Ground out 1-3 (Groundball, 15S)
Batting: SHB Pedro Gómez 0-0: Called Strike
0-1: Ball
1-1: Ball
2-1: Fly out, F8 (Popup, 4MD)
Pitching: RHP George Ricker
Batting: RHB Martín Martínez 0-0: Ground out 1-3 (Groundball, 13)
Top of the 7th over - 0 run(s), 0 hit(s), 0 error(s), 0 left on base; Phoenix 5 - Grafton 3
BOTTOM OF THE 7TH
Grafton Middies batting - Pitching for Phoenix Hotspur : RHP Cory Sanders
Batting: RHB Pedro Santos 0-0: Ball
1-0: SINGLE (Line Drive, 3D)
Pitching: RHP Devin Hinton
Batting: RHB Scotty Anderson 0-0: Ball
1-0: Ball
2-0: Ball
3-0: Called Strike
3-1: SINGLE (Line Drive, 4M)
Pedro Santos to second
Runner from 2nd tries for 3rd, SAFE, no throw or cutoff
Batting: LHB Mario Ramos 0-0: Ball
1-0: Foul Ball, location: 2F
1-1: Ball
2-1: Ball
Wild Pitch!
Pedro Santos scores
Scotty Anderson to second
3-1: Foul Ball, location: 2F
3-2: Ground out 6-3 (Groundball, 6)
Batting: RHB Stefano Gaddi 0-0: Fly out, F2 (Popup, 2RF)
Batting: RHB Rubén Marino 0-0: Reached on error, E4 (Groundball, 4)
Scotty Anderson to third
Batting: LHB Lawrence Washington Pickoff Throw to First - Out!
Bottom of the 7th over - 1 run(s), 2 hit(s), 1 error(s), 0 left on base; Phoenix 5 - Grafton 4
TOP OF THE 8TH
Phoenix Hotspur batting - Pitching for Grafton Middies : RHP George Ricker
Batting: RHB Raúl Robles 0-0: Ball
1-0: Ball
2-0: Foul Ball, location: 2F
2-1: Ground out 4-3 (Groundball, 4)
Batting: RHB António Padilla 0-0: Called Strike
0-1: Ball
1-1: Foul Ball, location: 2F
1-2: Ball
2-2: Foul Ball, location: 2F
2-2: Ground out 6-3 (Groundball, 6)
Batting: RHB Gabriel Pérez 0-0: Ball
1-0: SINGLE (Line Drive, 4D)
Batting: RHB Ángel Rivera 0-0: SINGLE (Groundball, 2L) (infield hit)
Gabriel Pérez to second
Batting: RHB Alfredo Martínez 0-0: Ball
1-0: Called Strike
1-1: Swinging Strike
1-2: Strikes out swinging
Top of the 8th over - 0 run(s), 2 hit(s), 0 error(s), 2 left on base; Phoenix 5 - Grafton 4
BOTTOM OF THE 8TH
Grafton Middies batting - Pitching for Phoenix Hotspur : RHP Devin Hinton
Pitching: RHP Donald Gregory
Batting: LHB Lawrence Washington 0-0: Ground out 1-3 (Groundball, 15)
Batting: RHB Dave Ash 0-0: Swinging Strike
0-1: Ball
1-1: Foul Ball, location: 2F
1-2: Strikes out looking
Batting: SHB Jack MacAsgill 0-0: Ball
1-0: Ball
2-0: Called Strike
2-1: Called Strike
2-2: Strikes out looking
Bottom of the 8th over - 0 run(s), 0 hit(s), 0 error(s), 0 left on base; Phoenix 5 - Grafton 4
TOP OF THE 9TH
Phoenix Hotspur batting - Pitching for Grafton Middies : RHP George Ricker
Pitching: RHP Lynwood Matos
Batting: LHB Rubén López 0-0: Foul Ball, location: 2F
0-1: Ball
1-1: Ball
2-1: Called Strike
2-2: Strikes out swinging, 2-3 out at first.
Batting: LHB Arthur Ryan 0-0: Foul Ball, location: 2F
0-1: Ball
1-1: Ball
2-1: Foul Ball, location: 2F
2-2: Strikes out swinging
Batting: SHB Pedro Gómez 0-0: DOUBLE (Flyball, 78XD)
Pinch Hitting: SHB Roberto López 0-0: Ball
1-0: Ball
2-0: Called Strike
2-1: Swinging Strike
2-2: Strikes out looking
Top of the 9th over - 0 run(s), 1 hit(s), 0 error(s), 1 left on base; Phoenix 5 - Grafton 4
BOTTOM OF THE 9TH
Grafton Middies batting - Pitching for Phoenix Hotspur : RHP Donald Gregory
Pitching: RHP Bruce Hamilton
Now at 2B: Roberto López
Batting: RHB Pedro Orozco 0-0: Ball
1-0: Ball
2-0: Ground out 6-3 (Groundball, 6M)
Batting: RHB Pedro Santos 0-0: Foul Ball, location: 2F
0-1: Ball
1-1: Ball
2-1: Ball
3-1: Base on Balls
Batting: RHB Scotty Anderson 0-0: Foul Ball, location: 2F
0-1: Called Strike
0-2: Foul Ball, location: 2F
0-2: Ball
1-2: Fly out, F6 (Popup, 6D)
Batting: LHB Mario Ramos 0-0: Called Strike
0-1: Ball
1-1: Ball
2-1: DOUBLE (Flyball, 89XD)
Pedro Santos to third
Runner from 3rd tries for Home, SAFE, no throw or cutoff
Batting: RHB Stefano Gaddi 0-0: Swinging Strike
0-1: Fly out, F6 (Popup, 4M)
Bottom of the 9th over - 1 run(s), 1 hit(s), 0 error(s), 1 left on base; Phoenix 5 - Grafton 5
TOP OF THE 10TH
Phoenix Hotspur batting - Pitching for Grafton Middies : RHP Lynwood Matos
Batting: RHB Raúl Robles 0-0: Ball
1-0: Fly out, F3 (Popup, 3SF)
Batting: RHB António Padilla 0-0: Foul Ball, location: 2F
0-1: Ball
1-1: Ball
2-1: SINGLE (Line Drive, 56D)
Batting: RHB Gabriel Pérez 0-0: Called Strike
0-1: Foul Ball, location: 2F
0-2: Ball
1-2: Foul Ball, location: 2F
1-2: Ball
2-2: Foul Ball, location: 2F
2-2: Ball
3-2: 2-RUN HOME RUN (Line Drive, 7D), Distance : 407 ft
Batting: RHB Ángel Rivera 0-0: Ball
1-0: Swinging Strike
1-1: Called Strike
1-2: Ball
2-2: Ball
3-2: Strikes out swinging passed ball, reaches first!
Batting: RHB Alfredo Martínez 0-0: Called Strike
0-1: Ball
1-1: Ball
2-1: Foul Ball, location: 2F
2-2: Ball
3-2: Base on Balls
Ángel Rivera to second
Batting: LHB Rubén López 0-0: Called Strike
0-1: Swinging Strike
0-2: Ball
1-2: SINGLE (Groundball, 4M)
Ángel Rivera to third
Alfredo Martínez to second
Runner from 3rd tries for Home, SAFE, no throw or cutoff
Batting: LHB Arthur Ryan 0-0: Called Strike
0-1: Ball
1-1: Foul Ball, location: 2F
1-2: Ball
2-2: Ball
3-2: Strikes out swinging
Pitching: RHP Jon Schultz
Batting: SHB Pedro Gómez 0-0: Ground out 4-3 (Groundball, 4)
Top of the 10th over - 3 run(s), 3 hit(s), 0 error(s), 2 left on base; Phoenix 8 - Grafton 5
BOTTOM OF THE 10TH
Grafton Middies batting - Pitching for Phoenix Hotspur : RHP Bruce Hamilton
Batting: RHB Rubén Marino 0-0: Ball
1-0: Called Strike
1-1: Fly out, F6 (Popup, 8LS)
Batting: LHB Lawrence Washington 0-0: Ball
1-0: Ball
2-0: Ball
3-0: Base on Balls
Batting: RHB Dave Ash 0-0: Ball
1-0: Called Strike
1-1: Ball
2-1: Foul Ball, location: 2F
2-2: Strikes out looking
Batting: SHB Jack MacAsgill 0-0: Ball
1-0: Called Strike
1-1: Ball
2-1: Ground out 4-3 (Groundball, 4)
Bottom of the 10th over - 0 run(s), 0 hit(s), 0 error(s), 1 left on base; Phoenix 8 - Grafton 5
This league is powered by Out of the Park Baseball, the baseball management simulation game for PC, Mac and Linux
Monday, October 3rd, 2016 - OOTP Baseball 16.9 Build 39